 Dungeon Crawl Stone Soup version 0.25-a0-378-gd2ca0b7745 (webtiles) character file.

Game seed: 16063894457533799264, levelgen mode: deterministic

49314 DerDa the Thaumaturge (level 14, -4/90 HPs)
             Began as an Octopode Fire Elementalist on Jan 7, 2020.
             Was an Elder of Sif Muna.
             Slain by a blink frog (8 damage)
             ... on level 5 of the Lair of Beasts.
             The game lasted 01:16:30 (20193 turns).

DerDa the Thaumaturge (Octopode Fire Elementalist) Turns: 20193, Time: 01:16:31

Health: -4/90      AC:  8    Str:  8    XL:     14   Next: 50%
Magic:  10/31      EV: 14    Int: 27    God:    Sif Muna [****..]
Gold:   1281       SH:  5    Dex: 13    Spells: 12/39 levels left

rFire    + . .     SeeInvis .   V - +4 falchion "Moich" {protect, rC+ Int+3}
rCold    . . .     Gourm    .   d - +0 buckler
rNeg     . . .     Faith    .   P - +2 hat {Int+3}
rPois    .         Spirit   .   B - amulet of rage
rElec    .         Reflect  .   z - ring of wizardry
rCorr    .         Harm     .   c - ring of flight
MR       +....                  g - +3 ring of protection
Stlth    +++.......             K - ring of fire
HPRegen  0.25/turn              s - +2 ring of protection
MPRegen  0.22/turn              (no ring)
                                (no ring)
                                (no ring)

@: no status effects
A: almost no armour, stealthy swim, amphibious, 8 rings, constrict 8, camouflage
1, gelatinous body 1
a: Channel Magic, Forget Spell, Divine Exegesis, Renounce Religion, Evoke
Berserk Rage, Evoke Flight


You were on level 5 of the Lair of Beasts.
You worshipped Sif Muna.
Sif Muna was greatly pleased with you.
You were not hungry.

You visited 4 branches of the dungeon, and saw 19 of its levels.
You also visited: Bailey and Volcano.

You collected 1281 gold pieces.

Inventory:

Hand Weapons
 e - a +2 short sword of venom
 u - a +0 hunting sling
 O - a +2 short sword of draining
 V - the +4 falchion "Moich" (weapon) {protect, rC+ Int+3}
   (You found it on level 1 of the Lair of Beasts)

   It grants its wielder temporary protection when it strikes (+7 to AC).
   It affects your intelligence (+3).
   It protects you from cold.
 Y - the +8 hand axe of Okawaru's Approval {chop, rF+ rN+ Dex+4}
   (You found it on level 3 of the Lair of Beasts)

   It inflicts extra damage upon your enemies.
   It affects your dexterity (+4).
   It protects you from fire.
   It protects you from negative energy.
Missiles
 j - 59 poisoned darts (quivered)
 k - 69 sling bullets
Armour
 d - a +0 buckler (worn)
 y - a +0 hat of see invisible
 P - a +2 hat of intelligence (worn)
Magical Staves
 I - an uncursed staff of conjuration
Jewellery
 c - a ring of flight (right tentacle)
 g - a +3 ring of protection (on tentacle)
 s - a +2 ring of protection (on tentacle)
 z - a ring of wizardry (left tentacle)
 B - an amulet of rage (around mantle)
 K - a ring of fire (on tentacle)
 M - an uncursed ring of ice
Wands
 t - a wand of flame (15)
 E - a wand of digging (4)
 H - a wand of paralysis (21)
 L - a wand of disintegration (16)
 N - a wand of acid (12)
 Q - a wand of iceblast (2)
Scrolls
 a - 2 scrolls of magic mapping
 f - 2 scrolls of enchant armour
 i - a scroll of torment
 l - 2 scrolls of immolation
 o - a scroll of amnesia
 q - 3 scrolls of teleportation
 r - 8 scrolls of remove curse
 A - 2 scrolls of enchant weapon
 G - a scroll of vulnerability
 R - a scroll of summoning
 W - a scroll of fear
 Z - a scroll of fog
Potions
 h - 2 potions of might
 m - a potion of lignification
 n - 7 potions of curing
 p - 3 potions of invisibility
 v - 3 potions of heal wounds
 w - 2 potions of berserk rage
 x - a potion of magic
 C - 2 potions of cancellation
 D - 3 potions of haste
 J - a potion of degeneration {unknown}
 S - a potion of brilliance {unknown}
 T - a potion of resistance
 X - a potion of agility {unknown}
Comestibles
 b - 24 rations


   Skills:
 + Level 6.7 Fighting
 + Level 3.7 Dodging
 - Level 2.6 Stealth
 - Level 4.1 Shields
 * Level 13.0 Spellcasting
 + Level 8.9 Conjurations
 * Level 9.5 Fire Magic
 + Level 6.8 Air Magic
 + Level 7.4 Invocations
 + Level 7.6 Evocations


You had 12 spell levels left.
You knew the following spells:

 Your Spells              Type           Power        Failure   Level  Hunger
a - Foxfire               Conj/Fire      ####         1%          1    None
b - Conjure Flame         Conj/Fire      #######.     1%          3    None
c - Sticky Flame          Conj/Fire      #######.     1%          4    None
d - Fireball              Conj/Fire      #######...   1%          5    ##.....
e - Airstrike             Air            ######....   1%          4    None
f - Lightning Bolt        Conj/Air       ######....   1%          5    ##.....
g - Bolt of Magma         Conj/Fire/Erth ######....   2%          5    ##.....

Your spell library contained the following spells:

 Spells                   Type           Power        Failure   Level  Hunger
 Animate Skeleton         Necr           N/A          1%          1    None
 Corona                   Hex            ###....      1%          1    None
 Pain                     Necr           ###.         1%          1    None
 Shock                    Conj/Air       ####         1%          1    None
 Ensorcelled Hibernation  Hex/Ice        ###...       1%          2    None
 Swiftness                Chrm/Air       #####...     1%          2    None
 Dazzling Flash           Conj/Hex       #####.       1%          3    None
 Inner Flame              Hex/Fire       ######..     1%          3    None
 Static Discharge         Conj/Air       ######..     1%          3    None
 Confuse                  Hex            ###.....     4%          3    None
 Tukima's Dance           Hex            ###.....     4%          3    None
 Vampiric Draining        Necr           ###.......   4%          3    None
 Animate Dead             Necr           N/A          12%         4    None
 Leda's Liquefaction      Hex/Erth       ###.......   12%         4    None
 Iron Shot                Conj/Erth      #####.....   28%         6    ####...
 Agony                    Necr           ###.....     32%         5    ##.....
 Statue Form              Tmut/Erth      ###......    86%         6    ####...
 Shatter                  Erth           ###.......   100%        9    #######


Dungeon Overview and Level Annotations

Branches:
Dungeon (12/15)            Temple (1/1) D:7            Lair (5/6) D:11
  Swamp (0/4) Lair:2        Snake (1/4) Lair:2        Slime (0/5) Lair:5
    Orc (0/2) D:11         Bailey (visited)         Volcano (visited)

Altars:
Ashenzari
Cheibriados
Dithmenos
Elyvilon
Fedhas
Gozag
Hepliaklqana
Kikubaaqudgha
Makhleb
Nemelex Xobeh
Okawaru
Qazlal
Ru
Sif Muna
Trog
Uskayaw
Vehumet
Wu Jian
Xom
Yredelemnul
Zin
The Shining One


Innate Abilities, Weirdness & Mutations

You cannot wear most types of armour.
You are very stealthy in the water. (Stealth+)
You are amphibious.
You can wear up to eight rings at the same time.
You can use your tentacles to constrict eight enemies at once.
Your skin changes colour to match your surroundings (Stealth+).
Your rubbery body absorbs attacks. (AC +1, EV +1)


Message History

* * * LOW HITPOINT WARNING * * *
The blink frog blinks! x2
Casting: Sticky Flame (safe; 1% risk of failure)
Confirm with . or Enter, or press ? or * to list all spells.
Aiming: Fireball (safe; 1% risk of failure)
Press: ? - help, Shift-Dir - straight line, p - blink frog You feel a surge of power!
The fireball explodes!
The fireball engulfs the polar bear!
The polar bear is moderately wounded.
The fireball engulfs the blink frog!!
You kill the blink frog!
Sif Muna accepts your kill.
Unknown command.
The blink frog blinks!
The blink frog blinks!
There is a stone staircase leading up here.
The blink frog hits you!
* * * LOW HITPOINT WARNING * * *
The blink frog hits you!
You die...

*,,,,,,,,,,,,*,,,*
##,.......,,,**,^,* **
#.#........,**,*,,* ,*
##.#.........*,***,, ,***
*.........P.#*,*,,,, ,,,**
*#..........*,,,,,*, ,,,,*
###..........*,***,,, ≈*,**
#*###....†....#,,***,**,*
,≈,≈****#.#.....@.....#,,,,,,,***
≈,*≈*,,*#.......Fh...P#**,*,,,,,,
≈≈≈*,,,,........§....## ****,*,,*
≈,,,,*,,#............# ****,*
,≈≈,,,,,...........P.# ***
,,,,,,,,...........#.#
,≈,,,,,,.........††.##
≈,,,,,,,.........####
,*,,,,,,.......#.#


You could see a polar bear and a blink frog.

Vanquished Creatures
  Gastronok (D:11)
  5 hydras
  2 two-headed ogres (D:9)
  4 death yaks
  An unseen horror (D:11)
  A deep elf mage (D:12)
  An ugly thing (D:11)
  3 oklob plants (Lair:1)
  2 black mambas (Lair:2)
  5 elephants (Lair:5)
  2 rime drakes
  A spiny frog (Lair:1)
  A kobold demonologist (D:7)
  An anaconda simulacrum (Lair:1)
  3 komodo dragons
  A polar bear (Lair:4)
  A wolf spider simulacrum (Lair:1)
  A hornet (D:11)
  3 blink frogs (Lair:5)
  2 bog bodies (Lair:2)
  5 hippogriffs
  A spriggan (D:10)
  26 yaks
  2 basilisks
  3 hungry ghosts
  A steam dragon (D:10)
  A warg (D:11)
  2 hydra simulacra (Lair:1)
  A hell hound (Lair:1)
  A soldier ant (D:10)
  6 porcupines
  17 water moccasins
  4 ice beasts
  15 orc warriors
  3 sky beasts
  3 phantoms
  An ogre (D:5)
  A necrophage (D:8)
  12 crocodiles
  9 centaurs
  8 bullfrogs
  A wyvern zombie (D:12)
  2 water moccasin zombies
  3 scorpions
  2 water moccasin skeletons
  5 killer bees (D:8)
  3 howler monkeys
  8 crimson imps
  A centaur zombie (D:9)
  9 hounds
  12 orc priests
  6 orc wizards
  4 bullfrog skeletons
  A centaur skeleton (D:10)
  4 iguanas
  6 worker ants
  A bullfrog simulacrum (Lair:1)
  2 hound skeletons
  Robin (D:2)
  8 adders
  A crocodile simulacrum (Lair:1)
  A shadow imp (D:9)
  2 oozes (D:3)
  An adder skeleton (D:4)
  An adder zombie (D:5)
  A worm (D:4)
  4 dart slugs
  7 leopard geckos
  74 orcs
  4 ball pythons
  3 bats
  7 giant cockroaches
  13 goblins
  13 hobgoblins
  3 jackals (D:1)
  2 quokkas
  3 frilled lizards
  6 kobolds
  10 rats
  A spectral orc (D:4)
  A bush (Lair:1)
  A fungus (Lair:4)
  3 plants (Lair:1)
404 creatures vanquished.

Vanquished Creatures (others)
  1050 foxfires
  6 fungi
  11 plants
1067 creatures vanquished.

Grand Total: 1471 creatures vanquished

Notes
Turn   | Place    | Note
-------+----------+-------------------------------------------
     0 | D:1      | DerDa the Octopode Fire Elementalist began the quest for
                  | the Orb.
     0 | D:1      | Reached XP level 1. HP: 11/11 MP: 3/3
   176 | D:1      | Reached XP level 2. HP: 17/17 MP: 1/5
   405 | D:1      | Reached XP level 3. HP: 8/21 MP: 0/7
  1128 | D:2      | Noticed Robin
  1148 | D:2      | Killed Robin
  1148 | D:2      | Reached skill level 3 in Spellcasting
  1153 | D:2      | Reached XP level 4. HP: 21/27 MP: 1/8
  1244 | D:2      | Found a sparkling altar of Nemelex Xobeh.
  1396 | D:2      | Reached skill level 1 in Shields
  1913 | D:2      | Found an ornate altar of the Wu Jian Council.
  2180 | D:3      | Learned a level 3 spell: Conjure Flame
  2185 | D:3      | Learned a level 4 spell: Sticky Flame
  2297 | D:3      | Found a white marble altar of Elyvilon.
  2301 | D:3      | Reached XP level 5. HP: 31/31 MP: 6/9
  2636 | D:3      | Found a faded altar of an unknown god.
  2935 | D:3      | Found an opulent altar of Gozag.
  3074 | D:4      | Reached XP level 6. HP: 36/36 MP: 1/11
  3195 | D:4      | Found a basalt altar of Yredelemnul.
  3514 | D:4      | Reached skill level 4 in Spellcasting
  3526 | D:4      | Learned a level 5 spell: Fireball
  3723 | D:4      | Reached XP level 7. HP: 41/41 MP: 8/13
  4015 | D:5      | Entered Level 5 of the Dungeon
  4736 | D:5      | Reached skill level 5 in Spellcasting
  4815 | D:5      | Reached XP level 8. HP: 43/46 MP: 12/15
  5038 | D:5      | Reached skill level 5 in Fire Magic
  5469 | D:7      | Noticed a kobold demonologist
  5480 | D:7      | Noticed a rust devil
  5480 | D:7      | Killed a kobold demonologist
  5480 | D:7      | Reached skill level 6 in Spellcasting
  5564 | D:7      | Found an iron altar of Okawaru.
  5564 | D:7      | Found a glowing silver altar of Zin.
  5566 | D:7      | Found an ancient bone altar of Kikubaaqudgha.
  5569 | D:7      | Found a shadowy altar of Dithmenos.
  5570 | D:7      | Found a glowing golden altar of the Shining One.
  5729 | D:7      | Found a staircase to the Ecumenical Temple.
  5774 | Temple   | Entered the Ecumenical Temple
  5971 | Temple   | Became a worshipper of Sif Muna the Loreminder
  6370 | D:8      | Reached skill level 5 in Conjurations
  6370 | D:8      | Reached XP level 9. HP: 51/51 MP: 14/19
  6400 | D:8      | Reached skill level 7 in Spellcasting
  6653 | D:8      | Found a hide-covered altar of Uskayaw.
  6807 | D:8      | Learned a level 4 spell: Airstrike
  7216 | D:9      | Noticed a two-headed ogre
  7227 | D:9      | Killed a two-headed ogre
  7227 | D:9      | Reached skill level 1 in Fighting
  7227 | D:9      | Reached skill level 8 in Spellcasting
  7227 | D:9      | Reached skill level 1 in Air Magic
  7227 | D:9      | Reached skill level 1 in Invocations
  7227 | D:9      | Reached skill level 1 in Evocations
  7248 | D:9      | Found a flagged portal.
  7271 | D:9      | Got a shimmering spear
  7290 | Bailey   | Entered a bailey
  7525 | Bailey   | Identified the +4 spear "Huefeleg" {antimagic, +Inv rElec
                  | rF-} (You found it on level 9 of the Dungeon)
  7702 | Bailey   | Reached * piety under Sif Muna
  7720 | Bailey   | Reached XP level 10. HP: 42/60 MP: 12/22
  8773 | D:9      | Noticed a two-headed ogre
  8790 | D:9      | Killed a two-headed ogre
  8810 | D:9      | Found a sacrificial altar of Ru.
  9319 | D:9      | Found a blossoming altar of Fedhas.
  9452 | D:9      | Reached skill level 9 in Spellcasting
  9981 | D:9      | Reached ** piety under Sif Muna
 10132 | D:10     | Entered Level 10 of the Dungeon
 10553 | D:10     | Reached XP level 11. HP: 67/67 MP: 18/24
 10603 | D:10     | Learned a level 5 spell: Lightning Bolt
 11540 | D:11     | Noticed a four-headed hydra
 11556 | D:10     | Killed a four-headed hydra
 12110 | D:11     | Noticed Gastronok
 12266 | D:11     | Reached *** piety under Sif Muna
 12326 | D:11     | Noticed a brown ugly thing
 12331 | D:11     | Killed a brown ugly thing
 12458 | D:11     | Reached skill level 5 in Evocations
 12849 | D:11     | Reached skill level 5 in Invocations
 12885 | D:11     | Found a staircase to the Orcish Mines.
 12962 | D:11     | Reached skill level 10 in Spellcasting
 13167 | D:11     | Noticed an unseen horror
 13169 | D:11     | Killed an unseen horror
 13200 | D:11     | Found a staircase to the Lair.
 13514 | D:12     | Noticed a green ugly thing
 13514 | D:12     | Noticed a deep elf mage
 13520 | D:12     | Killed a deep elf mage
 13925 | D:11     | Killed Gastronok
 13925 | D:11     | Reached skill level 5 in Fighting
 13925 | D:11     | Reached skill level 5 in Air Magic
 13925 | D:11     | Reached XP level 12. HP: 77/77 MP: 1/26
 14028 | Lair:1   | Entered Level 1 of the Lair of Beasts
 14090 | Lair:1   | Found a transporter.
 14130 | Lair:1   | Found a dark tunnel.
 14496 | Volcano  | Entered a volcano
 14609 | Lair:1   | Found a transporter.
 14868 | Lair:1   | Reached **** piety under Sif Muna
 14892 | Lair:1   | Got a warped falchion
 14899 | Lair:1   | Identified the +4 falchion "Moich" {protect, rC+ Int+3}
                  | (You found it on level 1 of the Lair of Beasts)
 15300 | Lair:1   | Noticed a four-headed hydra
 15308 | Lair:1   | Killed a four-headed hydra
 15564 | Lair:1   | Learned a level 5 spell: Bolt of Magma
 15817 | Lair:2   | Reached skill level 11 in Spellcasting
 15956 | Lair:2   | Found a bloodstained altar of Trog.
 16056 | Lair:2   | Found a staircase to the Snake Pit.
 16192 | Lair:2   | Found a staircase to the Swamp.
 16766 | Lair:2   | Noticed a four-headed hydra
 16768 | Lair:2   | Killed a four-headed hydra
 16768 | Lair:2   | Reached XP level 13. HP: 83/83 MP: 17/28
 17179 | Snake:1  | Entered Level 1 of the Snake Pit
 17414 | Lair:3   | Got a brightly glowing hand axe
 18181 | Lair:3   | Reached skill level 12 in Spellcasting
 18181 | Lair:3   | Reached XP level 14. HP: 90/90 MP: 28/30
 18182 | Lair:3   | Identified the +8 hand axe of Okawaru's Approval {chop, rF+
                  | rN+ Dex+4} (You found it on level 3 of the Lair of Beasts)
 20177 | Lair:5   | Reached skill level 13 in Spellcasting
 20193 | Lair:5   | HP: 4/90 [blink frog (12)]
 20193 | Lair:5   | Slain by a blink frog

Levels and vault maps discovered:
D:1:      kennysheep_arrival_forest, layout_loops_ring
D:2:      layout_basic, lemuel_coloured_pillars_altar,
          overflow_temple_1_default, uniq_robin
D:3:      layout_rooms, elyvilon_altar_4, marbit_many_paths, first_ration,
          chequers_ecumenical_altar_lobes, kennysheep_generic_room_4
D:4:      layout_basic, yredelemnul_forgotten_temple_becter,
          minmay_misc_feat_rows
D:5:      layout_basic
D:6:      layout_rooms
D:7:      layout_basic, grunt_temple_overflow_open, minmay_temple_entry_statues
D:8:      layout_basic, lemuel_crystal_altar
D:9:      minmay_goldmine, layout_irregular_city,
          nicolae_ru_the_path_less_chosen, enter_bailey_2, fedhas_altar_1
D:10:     layout_basic, the_bakery, chequers_jeans
D:11:     layout_cave_pools, david_lair_shrubbed, erik_orc_4, uniq_gastronok
D:12:     minmay_mutant_horseshoe, layout_loops_ring, enter_trove_3, uniq_snorg
Temple:   jpeg_temple_alley_garden
Lair:1:   gammafunk_cloud_chamber, layout_gridlike,
          nicolae_volcano_entry_hallway, minmay_lair_oklob_chamber
Lair:2:   layout_loops_ring, skrybe_swamp_entry_bodies,
          minmay_snake_entry_six_corridors, basic_altar,
          infiniplex_staircase_pool_2
Lair:3:   layout_cave_pods
Lair:4:   layout_cave_pods, grunt_megastairs_4, lemuel_fruit_fields
Lair:5:   beast_lair_carwin_large_2, layout_cave_shapes, slime_altar_1,
          gammafunk_ghost_abyssal_escape, gauntlet_entry_generic,
          nicolae_quartered_pool_medium, worms_lemuel
Snake:1:  layout_basic, basic_altar, serial_bayou_lake_a

Skill      XL: |  1  2  3  4  5  6  7  8  9 10 11 12 13 14 |
---------------+-------------------------------------------+-----
Spellcasting   | 3 4 5 6 8 9 10 11 12 13 | 13.0
Shields        | 1 2 3 4 |  4.1
Conjurations   | 2 3 5 6 7 8 |  8.9
Fire Magic     | 4 5 6 7 8 9 |  9.5
Fighting       | 1 3 5 6 |  6.7
Air Magic      | 1 3 5 6 |  6.8
Invocations    | 2 3 5 6 7 |  7.4
Evocations     | 2 4 5 6 7 |  7.6
Dodging        | 3 |  3.7
Stealth        | |  2.6

Action                   |  1- 3 |  4- 6 |  7- 9 | 10-12 | 13-15 || total
-------------------------+-------+-------+-------+-------+-------++-------
Melee: Short sword       |    21 |    29 |    95 |    10 |       ||   155
       Constrict         |     6 |    10 |    27 |    16 |     1 ||    60
       Tentacles         |     2 |     2 |    19 |     7 |     4 ||    34
       Staff             |       |       |       |    28 |       ||    28
       Falchion          |       |       |       |    14 |    25 ||    39
 Cast: Foxfire           |    42 |   102 |   133 |   303 |    58 ||   638
       Sticky Flame      |       |       |    12 |    65 |    32 ||   109
       Fireball          |       |       |     3 |    67 |    23 ||    93
       Conjure Flame     |       |       |     1 |       |     1 ||     2
       Airstrike         |       |       |       |    35 |     2 ||    37
       Bolt of Magma     |       |       |       |       |     3 ||     3
Invok: Channel Magic     |       |       |       |       |     2 ||     2
Evoke: Wand              |       |       |       |     2 |       ||     2
  Use: Scroll            |       |       |    13 |    10 |     5 ||    28
       Potion            |       |       |     2 |     1 |     1 ||     4
 Stab: Sleeping          |     1 |       |     5 |     1 |       ||     7
       Distracted        |       |       |       |     1 |       ||     1
  Eat: Chunk             |     1 |     8 |    14 |    35 |     2 ||    60
       Ration            |       |       |       |     2 |     4 ||     6
Armor: Skin              |     1 |     2 |     4 |    16 |    11 ||    34
Dodge: Dodged            |    19 |    25 |    69 |    83 |    38 ||   234
Block: Buckler           |       |     3 |    30 |    34 |    19 ||    86
       Rpst.: Falchion   |       |       |       |     3 |     5 ||     8

Table legend:
 A = Non-vault XP
 B = Vault XP
 C = Vault XP percentage of total XP
 D = Non-vault monster count
 E = Vault monster count
 F = Vault count percentage of total count
                 A         B        C        D         E       F
            +---------+---------+-------+---------+---------+-------
      Total |   35404 |   11149 |  23.9 |     286 |     113 |  28.3
            +---------+---------+-------+---------+---------+-------
        D:1 |      45 |       0 |   0.0 |      26 |       0 |   0.0
        D:2 |      29 |      36 |  55.4 |      13 |      12 |  48.0
        D:3 |     112 |       7 |   5.9 |      14 |       3 |  17.6
        D:4 |     390 |       1 |   0.3 |      22 |       1 |   4.3
        D:5 |     786 |       0 |   0.0 |      22 |       0 |   0.0
        D:6 |      86 |       0 |   0.0 |       3 |       0 |   0.0
        D:7 |     798 |       0 |   0.0 |      14 |       0 |   0.0
        D:8 |     937 |       0 |   0.0 |      17 |       0 |   0.0
        D:9 |    2577 |     273 |   9.6 |      19 |      10 |  34.5
       D:10 |    3922 |     220 |   5.3 |      35 |       1 |   2.8
       D:11 |    4245 |    2836 |  40.1 |      27 |      16 |  37.2
       D:12 |     726 |       0 |   0.0 |       3 |       0 |   0.0
     Lair:1 |    4701 |    2987 |  38.9 |      19 |      11 |  36.7
     Lair:2 |    3153 |    2520 |  44.4 |      12 |      20 |  62.5
     Lair:3 |    3767 |       0 |   0.0 |      14 |       0 |   0.0
     Lair:4 |    5879 |       0 |   0.0 |      17 |       0 |   0.0
     Lair:5 |    3251 |       0 |   0.0 |       9 |       0 |   0.0
     Bailey |       0 |    2269 | 100.0 |       0 |      39 | 100.0
            +---------+---------+-------+---------+---------+-------
